 Dungeon Crawl Stone Soup version 0.16-a0-3803-gd4b2de5 (webtiles) character file.

46 Econoterrorist the Ruffian (level 3, 0/28 HPs)
             Began as a Draconian Transmuter on Jan 26, 2015.
             Succumbed to an adder's poison
             ... on level 2 of the Dungeon.
             The game lasted 00:04:35 (1342 turns).

Econoterrorist the Ruffian (Draconian Transmuter)   Turns: 1342, Time: 00:04:35

Health: 0/28       AC:  5    Str: 12    XL:     3   Next: 46%
Magic:  6/6        EV: 12    Int: 14    God:
Gold:   98         SH:  0    Dex: 11    Spells: 2 memorised, 2 levels left

rFire  . . .     SeeInvis .       - Unarmed
rCold  . . .     Clarity  .     (armour unavailable)
rNeg   . . .     SustAb   .     (no shield)
rPois  .         Gourm    .     (helmet restricted)
rElec  .         Spirit   .     (no cloak)
rCorr  .         Warding  .     (no gloves)
rMut   .         Stasis   .     (no boots)
MR     .....                    (no amulet)
Stlth  +.........               (no ring)
                                (no ring)

@: lethally poisoned, very slightly contaminated, not resistant to hostile
enchantments, very unstealthy
A: unfitting armour, cold-blooded, AC +5
a: no special abilities


You were on level 2 of the Dungeon.
You were hungry.

You visited 1 branch of the dungeon, and saw 2 of its levels.

You collected 98 gold pieces.

Inventory:

Missiles
 b - 12 arrows
 j - a throwing net (quivered)
Scrolls
 e - a scroll of fog {unknown}
 g - 2 scrolls of blinking {unknown}
 i - a scroll of remove curse {unknown}
Books
 d - a book of Changes

   Spells                             Type                      Level
   a - Beastly Appendage              Transmutation                1
   b - Sticks to Snakes               Transmutation                2
   c - Spider Form                    Transmutation/Poison         3
   d - Ice Form                       Ice/Transmutation            4
   e - Blade Hands                    Transmutation                5
Comestibles
 a - 2 bread rations
 f - 2 meat rations
 h - a slice of pizza


   Skills:
 - Level 1.1 Fighting
 - Level 1.7 Dodging
 + Level 4.5 Unarmed Combat
 - Level 2.0 Spellcasting
 - Level 2.0 Transmutations


You had 2 spell levels left.
You knew the following spells:

 Your Spells              Type           Power        Failure   Level  Hunger
a - Beastly Appendage     Trmt           #.....       12%         1    ##.....
b - Spider Form           Trmt/Pois      #.........   47%         3    ####...


Dungeon Overview and Level Annotations

Branches:
Dungeon (2/15)

Altars:
Dithmenos
Makhleb


Innate Abilities, Weirdness & Mutations

Your plain brown scales are hard (AC +5).
Your body does not fit into most forms of armour.
Your cold-blooded metabolism reacts poorly to cold.


Message History

* * * LOW HITPOINT WARNING * * *
You feel sick.
* * * LOW HITPOINT WARNING * * *
You feel sick.
Your talons disappear.
* * * LOW HITPOINT WARNING * * *
You feel sick.
* * * LOW HITPOINT WARNING * * *
You feel sick.
* * * LOW HITPOINT WARNING * * *
You feel sick.
You flicker for a moment.
* * * LOW HITPOINT WARNING * * *
You feel sick.
* * * LOW HITPOINT WARNING * * *
You feel sick.
You flicker back into view.
* * * LOW HITPOINT WARNING * * *
You feel sick.
You die...

#...##.....#.# #.#.#
#...####.###.####.#.####
#...####.......(........
#........._...รท.....####
#...####.##..########
#......).##..#
##..#######..#
#..#######..#
#.....@.....#
##.........## #.........#
###########


There were no monsters in sight!

Vanquished Creatures
  Terence (D:2)
  An adder (D:2)
  A giant gecko (D:2)
  An ooze (D:1)
  2 bats (D:1)
  2 giant cockroaches (D:2)
  A goblin (D:2)
  3 hobgoblins
  A kobold (D:1)
  A quokka (D:2)
  A ball python (D:2)
  3 giant newts (D:1)
  7 rats
25 creatures vanquished.

Notes
Turn   | Place    | Note
--------------------------------------------------------------
     0 | D:1      | Econoterrorist, the Draconian Transmuter, began the quest for the Orb.
     0 | D:1      | Reached XP level 1. HP: 16/16 MP: 3/3
   391 | D:1      | Reached XP level 2. HP: 23/23 MP: 2/4
   532 | D:2      | Found a shadowy altar of Dithmenos.
   557 | D:2      | Noticed Terence
   593 | D:2      | Killed Terence
   593 | D:2      | Reached skill level 4 in Unarmed Combat
   629 | D:2      | Reached XP level 3. HP: 6/28 MP: 4/6
  1008 | D:2      | Learned a level 3 spell: Spider Form
  1227 | D:2      | Found a burning altar of Makhleb.
  1227 | D:2      | Noticed a blizzard demon
  1230 | D:2      | Noticed a hellwing
  1230 | D:2      | Noticed a neqoxec
  1339 | D:2      | HP: 1/28 [poisoned by an adder]
  1342 | D:2      | Succumbed to an adder's poison

Action                   || total
-------------------------++-------
Melee: Unarmed           ||   119
 Cast: Beastly Appendage ||     7
  Use: Potion            ||     1
  Eat: Chunk             ||     1
